 Dungeon Crawl Stone Soup version 0.28.0-53-g5a82cb258f (console) character file.

Game seed: 14006768688453606013

34 Banquo the Chopper (level 3, 0/29 HPs)
             Began as a Draconian Gladiator on July 30, 2022.
             Killed by divine providence
             ... invoked by an orc priest
              (17 damage)
             ... on level 2 of the Dungeon.
             The game lasted 00:01:28 (956 turns).

Banquo the Chopper (Draconian Gladiator)             Turns: 956, Time: 00:01:29

Health: 0/29       AC:  5    Str: 16    XL:     3   Next: 14%
Magic:  3/3        EV: 12    Int: 10    God:
Gold:   63         SH:  0    Dex: 12    Spells: 2/2 levels left

rFire   . . .      SeeInvis .   a - +0 war axe
rCold   . . .      Faith    .   (no shield)
rNeg    . . .      Spirit   .   (armour unavailable)
rPois   .          Reflect  .   b - +0 hat
rElec   .          Harm     .   (no cloak)
rCorr   .          Rampage  .   (no gloves)
Will    .....                   (no boots)
Stlth   +.........              (no amulet)
HPRegen 0.09/turn               (no ring)
MPRegen 0.08/turn               (no ring)

@: no status effects
A: AC +5, unfitting armour, cold-blooded
a: no special abilities


You were on level 2 of the Dungeon.
You visited 1 branch of the dungeon, and saw 2 of its levels.

You collected 63 gold pieces.

Inventory:

Hand Weapons
 a - a +0 war axe (weapon)
 g - a +0 spear
Missiles
 c - 3 throwing nets (quivered)
 f - 9 poisoned darts
Armour
 b - a +0 hat (worn)
Scrolls
 d - a scroll of teleportation {unknown}
 e - a scroll of enchant weapon {unknown}
 h - a scroll of noise {unknown}


   Skills:
 - Level 2.1 Fighting
 + Level 4.3 Axes
 - Level 1.7 Throwing
 - Level 2.6 Dodging


You had 2 spell levels left.
You didn't know any spells.
Your spell library was empty.

Dungeon Overview and Level Annotations

Branches:
Dungeon (2/15)

Altars:


Innate Abilities, Weirdness & Mutations

Your plain brown scales are hard. (AC +5)
You cannot fit into any form of body armour.
You are cold-blooded and may be slowed by cold attacks.


Message History

The ball python is moderately wounded.
The ball python barely misses you. The ball python constricts you.
You slash the ball python!
You kill the ball python!
No target in view!
f - 9 poisoned darts (gained 4)
h - a scroll labelled WINTEA ENKUODUTOX An orc comes into view.
It is wielding a +0 flail.
The orc shouts!
An orc comes into view. It is wielding a +0 club.
An orc priest and 3 orcs come into view.
The orc shouts! x2
The orc moves out of view.
An endoplasm comes into view.
The orc barely misses you. The orc hits you with a +0 flail.
You slash the orc!
You kill the orc!
You hit the orc. You hit the endoplasm but do no damage.
The orc hits you with a +0 flail! The endoplasm barely misses you.
The orc misses you.
You slash the orc!
You kill the orc!
You hit the endoplasm. You hit the orc. The endoplasm barely misses you.
You closely miss the orc.
The orc is moderately wounded.
You closely miss the orc. You hit the endoplasm.
The orc hits you but does no damage. The endoplasm closely misses you.
The orc hits you but does no damage.
The orc priest invokes the aid of Beogh against you.
You barely resist. The orc closely misses you. The endoplasm hits you.
Found 12 gold pieces.
You slash the endoplasm!
You kill the endoplasm!
You hit the orc. You slash the orc!
You kill the orc!
You slash the orc priest!
The orc priest calls down the wrath of Beogh upon you.
Beogh smites you!
Ouch! That really hurt!
You die...

.....# .....# .....#
.....## ......##
#####..#############
##.#...........#
#...#########.#
#..###....o@o.#
#..##..#..)#..#
#..#$......))......#
#..#⌠...........#..#
##.#$...........# .
#.##..#...#..#.#
#.###........#..
########.#### .#


You could see an orc priest and an orc.

Vanquished Creatures
  3 orcs (D:2)
  3 bats (D:1)
  2 endoplasms
  4 goblins (D:1)
  7 hobgoblins (D:1)
  3 jackals (D:1)
  2 ball pythons
  2 kobolds (D:1)
  5 rats
31 creatures vanquished.

Notes
Turn   | Place    | Note
-------+----------+-------------------------------------------
     0 | D:1      | Banquo the Draconian Gladiator began the quest for the Orb.
     0 | D:1      | Reached XP level 1. HP: 17/17 MP: 1/1
   126 | D:1      | Reached XP level 2. HP: 24/24 MP: 2/2
   473 | D:1      | Reached skill level 4 in Axes
   635 | D:1      | Reached XP level 3. HP: 27/29 MP: 3/3
   956 | D:2      | Killed from afar by an orc priest

Illustrated notes

Levels and vault maps discovered:
D:1:      amcnicky_arrival_single_pillar, layout_basic, minmay_misc_feat_rugged,
          chequers_serial_rivers_micro_c
D:2:      cheibrodos_pilgrimage, layout_basic,
          dreamdust_ecumenical_altar_hidden_monk_grotto, basic_altar,
          amcnicky_mini_pool_small, serial_bayou_lagoon_a

Skill      XL: |  1  2 |
---------------+-------+-----
Axes           | 4 |  4.3
Fighting       | |  2.1
Throwing       | |  1.7
Dodging        | |  2.6

Action                   || total
-------------------------++-------
Melee: War axe           ||    60
       Tailslap          ||     6
       Punch             ||     1
 Stab: Distracted        ||     1
Armor: Skin              ||    24
Dodge: Dodged            ||    39
